 Dungeon Crawl Stone Soup version 0.29-a0-495-g17b79114eb (webtiles) character file.

Game seed: 14078025150510631014

121 ultragoat the Shield-Bearer (level 4, 0/41 HPs)
             Began as a Minotaur Fighter on May 28, 2022.
             Succumbed to a scorpion's poison
             ... on level 3 of the Dungeon.
             The game lasted 00:08:21 (1993 turns).

ultragoat the Shield-Bearer (Minotaur Fighter)      Turns: 1993, Time: 00:08:22

Health: 0/41       AC: 11    Str: 22    XL:     4   Next: 77%
Magic:  3/3        EV:  9    Int:  5    God:
Gold:   213        SH:  4    Dex: 10    Spells: 3/3 levels left

rFire   . . .      SeeInvis .   a - +0 trident
rCold   + . .      Faith    .   c - +0 buckler
rNeg    . . .      Spirit   .   b - +0 scale mail
rPois   .          Reflect  .   (helmet restricted)
rElec   .          Harm     .   h - +2 cloak {rCorr}
rCorr   +          Rampage  .   l - +0 pair of gloves
Will    .....                   (no boots)
Stlth   ..........              (no amulet)
HPRegen 0.13/turn               j - ring of protection from cold
MPRegen 0.08/turn               (no ring)

@: mighty, lethally poisoned (0 -> -3), flying
A: horns 2, retaliatory headbutt
a: no special abilities


You were on level 3 of the Dungeon.
You visited 1 branch of the dungeon, and saw 5 of its levels.

You collected 213 gold pieces.

Inventory:

Hand Weapons
 a - a +0 trident (weapon)
Armour
 b - a +0 scale mail (worn)
 c - a +0 buckler (worn)
 h - a +2 cloak of preservation (worn)
 l - a +0 pair of gloves (worn)
Jewellery
 j - a ring of protection from cold (left hand)
 k - a ring of fire
Wands
 o - a wand of charming (5)
Scrolls
 g - 3 scrolls of identify
 n - a scroll of enchant weapon {unknown}
Potions
 e - a potion of curing {unknown}
 f - 3 potions of attraction
 i - a potion of heal wounds {unknown}
 m - a potion of flight
 p - a potion of magic {unknown}


   Skills:
 + Level 4.4 Fighting
 + Level 3.8 Polearms
 + Level 4.4 Armour
 + Level 4.7 Shields


You had 3 spell levels left.
You didn't know any spells.
Your spell library contained the following spells:

 Spells                   Type           Power      Damage    Failure   Level
 Call Canine Familiar     Summ           0%         N/A       99%         3
 Portal Projectile        Hex/Tloc       0%         N/A       99%         3
 Fulminant Prism          Conj/Hex       0%         3d6       100%        4
 Iskenderun's Mystic Bla  Conj/Tloc      0%         2d3       100%        4
 Leda's Liquefaction      Hex/Erth       0%         N/A       100%        4
 Passage of Golubria      Tloc           0%         N/A       100%        4
 Lee's Rapid Deconstruct  Erth           0%         3d5*      100%        5
 Silence                  Hex/Air        0%         N/A       100%        5
 Lehudib's Crystal Spear  Conj/Erth      0%         10d2      100%        8


Dungeon Overview and Level Annotations

Branches:
Dungeon (5/15)
 Temple: D:4-7

Altars:


Innate Abilities, Weirdness & Mutations

You have a pair of horns on your head.
You reflexively headbutt those who attack you in melee.


Message History

You climb upwards.
You feel sick.
Found a rapier and a dagger.
There is a stone staircase leading down here.
You feel sick. The scorpion barely misses you. You block the adder's attack.
You feel sick. The scorpion closely misses you.
The scorpion stings you but does no damage.
You feel sick.
You are no longer poisoned.
The adder bites you but does no damage.
You barely miss the scorpion.
The scorpion is moderately wounded.
The scorpion closely misses you.
The scorpion stings you but does no damage.
You closely miss the scorpion. You headbutt the scorpion.
The scorpion is severely wounded.
The scorpion stings you but does no damage.
You hit the scorpion.
The scorpion is severely wounded.
The scorpion stings you.
* * * LOW HITPOINT WARNING * * *
You are poisoned.
The scorpion poisons you!
The scorpion stings you but does no damage.
It was a potion of flight.
You feel very buoyant.
You fly up into the air.
* * * LOW HITPOINT WARNING * * *
You feel sick. The scorpion closely misses you.
You feel very mighty all of a sudden.
* * * LOW HITPOINT WARNING * * *
You feel sick.
The scorpion stings you but does no damage.
You closely miss the scorpion. Your headbutt misses the scorpion.
The scorpion is severely wounded.
* * * LOW HITPOINT WARNING * * *
You feel sick. The scorpion stings you.
* * * LOW HITPOINT WARNING * * *
You closely miss the scorpion.
The scorpion is severely wounded.
You die...

..#. ... #..
#.. ###..#####
#........##
#)...>....#
#.........#####
#)......#Ss@..#
#.#####.#####.#
# #.# # #..
####


You could see a scorpion and an adder.

Vanquished Creatures
  Ijyb (D:2)
  A gnoll (D:1)
  2 adders (D:2)
  3 dart slugs
  An orc (D:5)
  2 endoplasms (D:2)
  3 giant cockroaches
  2 hobgoblins (D:1)
  6 jackals
  5 kobolds
  6 quokkas
  4 ball pythons
  6 bats
  A frilled lizard (D:1)
  8 goblins
  11 rats
62 creatures vanquished.

Notes
Turn   | Place    | Note
-------+----------+-------------------------------------------
     0 | D:1      | ultragoat the Minotaur Fighter began the quest for the Orb.
     0 | D:1      | Reached XP level 1. HP: 19/19 MP: 0/0
   254 | D:1      | Reached XP level 2. HP: 16/27 MP: 1/1
   661 | D:1      | Reached XP level 3. HP: 33/33 MP: 2/2
  1012 | D:1      | Found a faded altar of an unknown god.
  1337 | D:2      | Reached XP level 4. HP: 33/40 MP: 3/3
  1531 | D:2      | Noticed Ijyb
  1573 | D:2      | Killed Ijyb
  1957 | D:3      | You fall into a shaft and drop 2 floors!
  1957 | D:5      | Entered Level 5 of the Dungeon
  1960 | D:5      | Noticed a scorpion
  1992 | D:3      | HP: 1/41 [scorpion (3)]
  1993 | D:3      | Succumbed to a scorpion's poison

Illustrated notes

Levels and vault maps discovered:
D:1:      zelgadis_glass_arrival_small, layout_loops_cross,
          shapermc_ecumenical_altar_mp_highgroup, st_stairs_11,
          grunt_decor_clamped
D:2:      kennysheep_the_goblin_king, layout_rooms, dk_noncrumbling_3
D:3:      layout_basic, kennysheep_path_1
D:4:      layout_basic, kennysheep_potato, uniq_duvessa
D:5:      layout_gridville

Skill      XL: |  1  2  3 |
---------------+----------+-----
Shields        | 4 |  4.7
Fighting       | 4 |  4.4
Armour         | 4 |  4.4
Polearms       | 3 |  3.8

Action                   |  1- 3 |  4- 6 || total
-------------------------+-------+-------++-------
Melee: Trident           |   104 |    45 ||   149
       Headbutt          |    12 |     6 ||    18
  Use: Scroll            |     1 |     1 ||     2
       Potion            |       |     2 ||     2
Armor: Scale mail        |    78 |    41 ||   119
Dodge: Dodged            |    78 |    30 ||   108
Block: Buckler           |    42 |    12 ||    54

Table legend: (Time is in decaauts)
 A = Elapsed time spent in this place.
 B = Non-inter-level travel time spent in this place.
 C = Inter-level travel time spent in this place.
 D = Time resting spent in this place.
 E = Time spent auto-exploring this place.
 F = Levels seen in this place.
 G = Mean time per level.
                   A        B        C        D        E       F      G
               +--------+--------+--------+--------+--------+-----+--------+
         Total |   2020 |   1963 |     57 |    200 |    965 |   5 |  404.0 |
       Dungeon |   2020 |   1963 |     57 |    200 |    965 |   5 |  404.0 |
               +--------+--------+--------+--------+--------+-----+--------+

Top non-repeatable levels by time:
     D:1: 1114 daAuts
     D:2: 869 daAuts
     D:4: 13 daAuts
     D:3: 13 daAuts
     D:5: 9 daAuts
